 Dungeon Crawl Stone Soup version 0.16.2-12-gd0ad4c3 (webtiles) character file.

56 Burgundious the Digger (level 4, -5/30 HPs)
             Began as a Formicid Earth Elementalist on Sept 26, 2015.
             Killed by miscasting Stone Arrow (12 damage)
             ... on level 3 of the Dungeon.
             The game lasted 00:09:57 (2387 turns).

Burgundious the Digger (FoEE)                       Turns: 2387, Time: 00:09:57

Health: -5/30      AC:  3    Str: 13    XL:     4   Next: 15%
Magic:  0/8        EV: 12    Int: 15    God:
Gold:   79         SH:  0    Dex: 11    Spells: 3 memorised, 1 level left

rFire  + . .     SeeInvis +     (no weapon)
rCold  . . .     Clarity  .     c - +0 robe
rNeg   . . .     SustAb   .     (no shield)
rPois  +         Gourm    .     (helmet unavailable)
rElec  .         Spirit   .     (no cloak)
rCorr  .         Warding  .     t - +0 pair of gloves
rMut   .         Stasis   +     (no boots)
MR     .....                    (no amulet)
Stlth  ++........               g - ring of poison resistance
                                i - ring of protection from fire

@: very slightly contaminated, not resistant to hostile enchantments, unstealthy
A: permanent stasis, dig shafts and tunnels, four strong arms, antennae 3
a: Dig, Shaft Self


You were on level 3 of the Dungeon.
You were very hungry.

You visited 1 branch of the dungeon, and saw 4 of its levels.

You collected 79 gold pieces.

Inventory:

Missiles
 b - 71 stones (quivered)
 e - 9 poisoned needles
Armour
 c - a +0 robe (worn)
 s - a +0 pair of gloves
 t - a +0 pair of gloves (worn)
 x - a +0 plate armour
Jewellery
 g - a ring of poison resistance (right hand)
 i - a ring of protection from fire (left hand)
Magical devices
 w - a wand of lightning (8)
Scrolls
 h - 2 scrolls of amnesia {unknown}
 l - a scroll of fear {unknown}
 m - a scroll of recharging {unknown}
 n - a scroll of blinking {unknown}
 r - a scroll of magic mapping {unknown}
 y - a scroll of random uselessness {unknown}
Potions
 j - a potion of cure mutation {unknown}
 k - a potion of curing {unknown}
 p - a potion of brilliance {unknown}
 u - 2 potions of restore abilities {unknown}
 v - a potion of agility {unknown}
 z - a potion of cancellation {unknown}
Books
 d - a book of Geomancy

   Spells                             Type                      Level
   a - Sandblast                      Earth                        1
   b - Stoneskin                      Transmutation/Earth          2
   c - Passwall                       Transmutation/Earth          3
   d - Stone Arrow                    Conjuration/Earth            3
   e - Petrify                        Transmutation/Earth          4
   f - Lee's Rapid Deconstruction     Earth                        5
Comestibles
 a - 2 bread rations
 f - 2 meat rations
 o - a royal jelly
 q - 5 fruits


   Skills:
 + Level 2.6 Dodging
 - Level 2.4 Stealth
 - Level 2.2 Spellcasting
 - Level 1.1 Transmutations
 - Level 5.0 Earth Magic


You had one spell level left.
You knew the following spells:

 Your Spells              Type           Power        Failure   Level  Hunger
a - Sandblast             Erth           ###...       2%          1    #......
b - Stoneskin             Trmt/Erth      ##......     12%         2    ###....
c - Stone Arrow           Conj/Erth      #.....       24%         3    ###....


Dungeon Overview and Level Annotations

Branches:
Dungeon (4/15)
 Temple: D:4-7

Altars:


Innate Abilities, Weirdness & Mutations

You are under a permanent stasis effect.
You can dig through walls and to a lower floor.
Your four strong arms can wield two-handed weapons with a shield.
You have a pair of large antennae on your head (SInv).


Message History

There is an open door here.
Casting: Stone Arrow
Confirm with . or Enter, or press ? or * to list all spells.
Aiming: Stone Arrow
Press: ? - help, Shift-Dir - straight line, f/p - kobold
Aim: a kobold, wielding a short sword of protection The stone arrow misses the kobold.
The kobold misses you.
There is an open door here.
You see here 12 bolts.
You see here a giant cockroach corpse.
Casting: Stone Arrow
Confirm with . or Enter, or press ? or * to list all spells.
Aiming: Stone Arrow
Press: ? - help, Shift-Dir - straight line, f/p - kobold
Aim: a kobold, wielding a short sword of protection You miscast Stone Arrow.
You are very lightly contaminated with residual magic.
A wave of violent energy washes through your body!
You die...

##.......## #.....#
#.........####...#.# {
{
+.........'.....>..###
{
#.........###(.......#
##.......## #......#.#
##.....## #..#.#.#.#
##...## #†.......#
##'## ##.#.#.### #@#
#.....# #.# ###.###
##K## #.#
##...#########.#
####.....##....##.#
#..............##.#
#..P....(####.....#
.....####...)..#..####
###. {{#...#..#..#


You could see a kobold.

Vanquished Creatures
  2 worms (D:2)
  4 giant geckos
  3 bats
  A giant cockroach (D:3)
  3 goblins (D:1)
  7 hobgoblins
  3 jackals
  4 kobolds (D:1)
  2 quokkas (D:2)
  6 giant newts
  3 rats (D:2)
38 creatures vanquished.

Notes
Turn   | Place    | Note
--------------------------------------------------------------
     0 | D:1      | Burgundious, the Formicid Earth Elementalist, began the quest for the Orb.
     0 | D:1      | Reached XP level 1. HP: 13/13 MP: 3/3
   189 | D:1      | Reached skill level 4 in Earth Magic
   248 | D:1      | Reached XP level 2. HP: 14/19 MP: 3/5
  1096 | D:1      | Reached XP level 3. HP: 24/24 MP: 5/7
  1167 | D:2      | Learned a level 2 spell: Stoneskin
  1171 | D:2      | Learned a level 3 spell: Stone Arrow
  1200 | D:1      | Reached skill level 5 in Earth Magic
  1948 | D:2      | Reached XP level 4. HP: 23/30 MP: 0/8
  2210 | D:2      | You fall through a shaft for 2 floors!
  2387 | D:3      | Killed by miscasting Stone Arrow

Action                   |  1- 3 |  4- 6 || total
-------------------------+-------+-------++-------
Melee: Unarmed           |    16 |    17 ||    33
 Cast: Sandblast         |    76 |    21 ||    97
       Stone Arrow       |       |     2 ||     2
  Eat: Chunk             |     4 |     1 ||     5
